 Dungeon Crawl Stone Soup version 0.24-a0-203-gf0bc1e9 (webtiles) character file.

Game seed: 10601488807974967410

77 Borgoz the Cutter (level 4, -5/27 HPs)
             Began as a Kobold Gladiator on Mar 27, 2019.
             Slain by an orc
             ... wielding a +0 trident
              (8 damage)
             ... on level 3 of the Dungeon.
             The game lasted 00:02:48 (1559 turns).

Borgoz the Cutter (Kobold Gladiator)                Turns: 1559, Time: 00:02:48

Health: -5/27      AC:  4    Str: 16    XL:     4   Next: 60%
Magic:  5/5        EV: 16    Int:  9    God:
Gold:   181        SH:  0    Dex: 16    Spells: 4/4 levels left

rFire    . . .     SeeInvis .   r - +2 dagger (vamp)
rCold    . . .     Gourm    .   (shield restricted)
rNeg     . . .     Faith    .   b - +0 leather armour
rPois    .         Spirit   .   c - +0 helmet
rElec    .         Reflect  .   (no cloak)
rCorr    .         Harm     .   (no gloves)
MR       .....                  (no boots)
Stlth    ++........             (no amulet)
HPRegen  0.09/turn              s - +4 ring of strength
MPRegen  0.09/turn              (no ring)

@: lethally poisoned (-5 -> -7)
A: small, carnivore
a: no special abilities


You were on level 3 of the Dungeon.
You were completely stuffed.

You visited 1 branch of the dungeon, and saw 3 of its levels.

You collected 181 gold pieces.

Inventory:

Hand Weapons
 a - a +0 rapier
 r - a +2 vampiric dagger (weapon)
Missiles
 d - 3 throwing nets (quivered)
 n - 35 bolts
Armour
 b - a +0 leather armour (worn)
 c - a +0 helmet (worn)
Jewellery
 s - a +4 ring of strength (left hand)
Scrolls
 g - a scroll of immolation {unknown}
 h - a scroll of identify {unknown}
 j - 2 scrolls of remove curse {unknown}
 k - 2 scrolls of enchant weapon {unknown}
 o - 2 scrolls of enchant armour {unknown}
 u - a scroll of amnesia {unknown}
Potions
 e - 2 potions of degeneration {unknown}
 i - 2 potions of agility {unknown}
 l - 2 potions of berserk rage {unknown}
 m - a potion of brilliance {unknown}
 p - 2 potions of curing {unknown}
 q - a potion of haste {unknown}
Comestibles
 f - 2 rations
 t - a chunk of flesh


   Skills:
 + Level 2.5 Fighting
 * Level 4.5 Short Blades
 + Level 2.6 Throwing
 * Level 1.1 Armour
 * Level 4.2 Dodging
 + Level 1.7 Stealth
 + Level 0.9 Spellcasting


You had 4 spell levels left.
You didn't know any spells.
Your spell library was empty.

Dungeon Overview and Level Annotations

Branches:
Dungeon (3/15)

Altars:
Elyvilon


Innate Abilities, Weirdness & Mutations

You are small and have problems with some larger weapons.
You are carnivorous and can eat meat at any time.


Message History

You hit the worm.
You kill the worm!
The adder bites you.
You are poisoned.
The adder poisons you!
You hit the adder.
You feel better.
The adder is heavily wounded.
You feel sick. The adder misses you. The orc barely misses you.
You hit the adder.
The adder is severely wounded.
The adder misses you. The orc misses you.
You hit the adder.
The adder is almost dead.
The adder completely misses you.
You hit the adder.
You kill the adder!
The orc hits you from afar with a +0 trident!
* * * LOW HITPOINT WARNING * * *
The orc hits you with a +0 trident!
You die...

.#......###.######
........# #.#
........# #.# ####
#..###### #.#
..... .#.#
###'#### ..... ...
#......# ...... .
#......###....%.
#.......†.......
#......)@o......
#...##..........
#...##.....####.
#...######.# #...
... #.. ###.


You could see an orc.

Vanquished Creatures
  An adder (D:3)
  3 worms
  A dart slug (D:1)
  2 leopard geckos
  4 orcs (D:3)
  2 ball pythons
  4 giant cockroaches
  5 goblins
  5 hobgoblins
  3 jackals (D:2)
  A quokka (D:2)
  6 bats
  8 frilled lizards
  3 kobolds (D:1)
  2 rats (D:2)
50 creatures vanquished.

Notes
Turn   | Place    | Note
-------+----------+-------------------------------------------
     0 | D:1      | Borgoz the Kobold Gladiator began the quest for the Orb.
     0 | D:1      | Reached XP level 1. HP: 12/12 MP: 1/1
   187 | D:1      | Reached XP level 2. HP: 17/17 MP: 2/2
   437 | D:1      | Reached skill level 1 in Stealth
   678 | D:1      | Reached XP level 3. HP: 22/22 MP: 3/3
  1035 | D:2      | Found a white marble altar of Elyvilon.
  1086 | D:2      | Found a faded altar of an unknown god.
  1470 | D:3      | Reached XP level 4. HP: 27/27 MP: 4/4
  1504 | D:3      | Reached skill level 1 in Armour
  1559 | D:3      | Slain by an orc

Levels and vault maps discovered:
D:1:      elethiomel_arrival_infinity_welcomes_careful_drivers, layout_basic,
          serial_glass, glass_columns_a, glass_columns_c
D:2:      layout_basic, elyvilon_altar_3, chequers_ecumenical_altar_island
D:3:      layout_basic

Skill      XL: |  1  2  3  4 |
---------------+-------------+-----
Stealth        | 1 |  1.7
Dodging        | 4 |  4.2
Armour         | 1 |  1.1
Fighting       | |  2.5
Short Blades   | |  4.5
Throwing       | |  2.6
Spellcasting   | |  0.9

Action                   |  1- 3 |  4- 6 || total
-------------------------+-------+-------++-------
Melee: Rapier            |    79 |       ||    79
       Dagger            |    36 |    36 ||    72
 Stab: Sleeping          |     5 |       ||     5
  Eat: Chunk             |    15 |       ||    15
Armor: Leather armour    |    23 |     4 ||    27
Dodge: Dodged            |    69 |    38 ||   107

Table legend:
 A = Non-vault XP
 B = Vault XP
 C = Vault XP percentage of total XP
 D = Non-vault monster count
 E = Vault monster count
 F = Vault count percentage of total count
                 A         B        C        D         E       F
            +---------+---------+-------+---------+---------+-------
      Total |     111 |       0 |   0.0 |      50 |       0 |   0.0
            +---------+---------+-------+---------+---------+-------
        D:1 |      34 |       0 |   0.0 |      21 |       0 |   0.0
        D:2 |      31 |       0 |   0.0 |      16 |       0 |   0.0
        D:3 |      46 |       0 |   0.0 |      13 |       0 |   0.0
            +---------+---------+-------+---------+---------+-------
